 Dungeon Crawl Stone Soup version 0.29.1-2-gbd0b4ee654 (webtiles) character file.

Game seed: 4372347837358828098

13 gzilladon the Shield-Bearer (level 2, 29/29 HPs)
             Began as a Gnoll Fighter on Nov 9, 2022.
             Was a Follower of Zin.
             Quit the game on level 1 of the Dungeon.
             The game lasted 00:02:14 (456 turns).

gzilladon the Shield-Bearer (Gnoll Fighter)          Turns: 456, Time: 00:02:14

Health: 29/29      AC:  7    Str: 15    XL:     2   Next: 37%
Magic:  2/2        EV:  6    Int:  7    God:    Zin [*.....]
Gold:   26         SH: 13    Dex: 11    Spells: 1/1 levels left

rFire   . . .      SeeInvis .   a - +0 war axe
rCold   . . .      Faith    .   f - +0 tower shield
rNeg    . . .      Spirit   +   b - +0 scale mail
rPois   .          Reflect  .   (no helmet)
rElec   .          Harm     .   (no cloak)
rCorr   .          Rampage  .   (no gloves)
Will    .....                   (no boots)
Stlth   ..........              i - amulet of guardian spirit
HPRegen 0.09/turn               (no ring)
MPRegen 0.08/turn               (no ring)

@: no status effects
A: fangs 1, strong nose, distributed training
a: Renounce Religion, Recite, Donate Gold


You were on level 1 of the Dungeon.
You worshipped Zin.
Zin was aware of your devotion.
You visited 1 branch of the dungeon, and saw 1 of its levels.

You collected 28 gold pieces.
You donated 2 gold pieces to Zin.

Inventory:

Hand Weapons
 a - a +0 war axe (weapon)
 j - a +1 spear of freezing
Missiles
 h - 5 stones (quivered)
Armour
 b - a +0 scale mail (worn)
 c - a +0 buckler
 f - a +0 tower shield (worn)
Jewellery
 i - an amulet of guardian spirit (around neck)
Scrolls
 e - a scroll of amnesia {unknown}
 k - a scroll of poison {unknown}
Potions
 d - a potion of might
 g - a potion of ambrosia {unknown}


   Skills:
 + Level 6.5 Fighting
 + Level 0.4 Short Blades
 + Level 0.4 Long Blades
 + Level 4.5 Axes
 + Level 0.4 Maces & Flails
 + Level 0.4 Polearms
 + Level 0.4 Staves
 + Level 0.4 Ranged Weapons
 + Level 0.4 Throwing
 + Level 6.5 Armour
 + Level 0.4 Dodging
 + Level 0.4 Stealth
 + Level 6.5 Shields
 + Level 0.4 Unarmed Combat
 + Level 0.4 Spellcasting
 + Level 0.2 Conjurations
 + Level 0.2 Hexes
 + Level 0.2 Summonings
 + Level 0.2 Necromancy
 + Level 0.2 Translocations
 + Level 0.2 Transmutations
 + Level 0.2 Fire Magic
 + Level 0.2 Ice Magic
 + Level 0.2 Air Magic
 + Level 0.2 Earth Magic
 + Level 0.2 Poison Magic
 + Level 0.5 Invocations
 + Level 0.4 Evocations


You had one spell level left.
You didn't know any spells.
Your spell library was empty.

Dungeon Overview and Level Annotations

Branches:
Dungeon (1/15)

Altars:
Zin


Innate Abilities, Weirdness & Mutations

You have very sharp teeth.
Your uncanny sense of smell can sniff out nearby items.
Your experience applies equally to all skills.


Message History

You slash the endoplasm!
You kill the endoplasm!
You now have 28 gold pieces (gained 13).
You open the door.
There is an open door here.
A dart slug comes into view.
A kobold comes into view. It is wielding a +0 dagger.
The kobold shouts!
The dart slug launches a dart at you. The slug dart misses you.
You hit the dart slug.
The dart slug is moderately wounded.
You block the dart slug's attack.
You slash the dart slug!
You kill the dart slug!
The kobold hits you but does no damage.
You hit the kobold.
The kobold is severely wounded.
The kobold barely misses you.
You hit the kobold but do no damage.
The kobold is severely wounded.
You block the kobold's attack. The kobold hits you with a +0 dagger.
You closely miss the kobold.
The kobold is severely wounded.
The kobold hits you but does no damage. You block the kobold's attack.
You hit the kobold.
You kill the kobold!
h - 5 stones (gained 2)
Things that are here:
a +0 dagger; a dart slug corpse
Found a leather armour.
Found a faded altar of an unknown god.
There is a faded altar of an unknown god here.
You cannot tell which god this altar belongs to.
Convert to them anyway?
Zin accepts your prayer! Zin welcomes you!
You pay a tithe of 2 gold.
You can now donate money to Zin.
You can now recite Zin's Axioms of Law.
Unknown command.
Are you sure you want to abandon this character and quit the game? (Confirm with "yes".)

♣♣♣♣♣♣♣♣
♣♣..8_8.♣♣
♣....@...♣♣♣
♣...♣.[.♣♣..♣#
♣.♣ ♣.⌠.♣♣♣♣.#
.. ♣...♣ #..#
# ♣.♣.♣♣♣.##
♣..♣♣..♣.# ##
### ♣.♣ ♣♣.♣.#
.## ..# ♣.
♣.♣.# ..# #.#
♣.♣ ♣♣..#


There were no monsters in sight!

Vanquished Creatures
  A dart slug (D:1)
  A bat (D:1)
  An endoplasm (D:1)
  A goblin (D:1)
  4 kobolds (D:1)
  A quokka (D:1)
9 creatures vanquished.

Notes
Turn   | Place    | Note
-------+----------+-------------------------------------------
     0 | D:1      | gzilladon the Gnoll Fighter began the quest for the Orb.
     0 | D:1      | Reached XP level 1. HP: 23/23 MP: 1/1
   241 | D:1      | Reached XP level 2. HP: 29/29 MP: 2/2
   436 | D:1      | Found a faded altar of an unknown god.
   454 | D:1      | Prayed at the altar of an unknown god.
   454 | D:1      | Became a worshipper of Zin the Law-Giver
   454 | D:1      | Reached * piety under Zin
   456 | D:1      | Quit the game

Illustrated notes

Levels and vault maps discovered:
D:1:      dpeg_arrival_chambers_temple_mockup, layout_loops_corners,
          shapermc_ecumenical_altar_totnotflames, hex_tiny, minmay_heptomino_l4

Action                   || total
-------------------------++-------
Melee: War axe           ||    25
       Bite              ||     1
Armor: Scale mail        ||    11
Dodge: Dodged            ||     7
Block: Tower shield      ||    25
